Map: Ruínas de Endion

Players

Smile - Winner!

  • Race: Terran Terran
  • League: Grandmaster

TheZergLord

  • Race: Zerg Zerg
  • League: Master

VOD

Have the link to the VOD?

Description

Time

  • Played on: April 26, 2016, 2:29 p.m.
  • Length: 9:25
Show
View Real Time Build Order
Export as new Build Order

Smile Terran - Winner!

Build Orders: Reaper Expand, MMM Bio 

Get SALT Encoding   

  12  0:01  SCV  
  13  0:13  SCV  
  14  0:19  Supply Depot  
  14  0:25  SCV  
  15  0:40  SCV  
  15  0:41  Barracks  
  16  0:44  Refinery  
  16  0:53  SCV  
  17  1:05  SCV  
  18  1:18  SCV  
  19  1:29  Reaper  
  19  1:30  Orbital Command  
  20  1:42  Command Center  
  20  1:49  Supply Depot  
  20  1:59  SCV  
  21  2:05  Marine  
  22  2:13  SCV  
  22  2:15  Factory  
  23  2:25  SCV  
  24  2:32  Barracks Reactor  
  24  2:37  SCV  
  25  2:49  SCV  
  26  2:56  Refinery  
  26  2:57  Orbital Command  
  26  3:01  Starport, SCV  
  27  3:12  Marine x2  
  29  3:13  Widow Mine, SCV  
  32  3:24  SCV  
  32  3:25  SCV  
  33  3:31  Marine  
  34  3:34  Marine  
  34  3:36  SCV  
  34  3:38  SCV, Command Center  
  34  3:40  Medivac  
  39  3:44  Factory Tech Lab  
  39  3:48  SCV  
  39  3:50  SCV  
  39  3:53  Marine x2  
  43  4:00  SCV  
  43  4:02  SCV  
  45  4:03  Refinery  
  45  4:06  Supply Depot  
  45  4:07  Supply Depot  
  45  4:12  SCV  
  45  4:13  Siege Tank  
  49  4:18  Marine x2  
  49  4:23  SCV  
  52  4:24  SCV  
  52  4:29  Medivac  
  55  4:33  Supply Depot  
  55  4:36  Marine x2, SCV  
  58  4:47  SCV  
  59  4:58  SCV  
  50  5:01  SCV  
  50  5:03  Barracks  
  50  5:04  Barracks  
  50  5:05  Orbital Command, Factory Reactor  
  50  5:06  Marine  
  50  5:07  Starport Reactor, Stimpack  
  52  5:10  SCV  
  52  5:13  SCV  
  54  5:20  Refinery  
  54  5:22  SCV  
  54  5:25  SCV  
  56  5:29  Marine  
  56  5:30  Engineering Bay, SCV  
  56  5:32  Engineering Bay  
  56  5:34  SCV  
  59  5:38  SCV  
  60  5:43  SCV, Medivac  
  60  5:44  Medivac  
  60  5:46  SCV  
  60  5:49  Factory Reactor  
  66  5:57  Liberator  
  66  5:58  Liberator  
  66  6:01  Marine x3  
  70  6:11  SCV  
  67  6:15  Barracks  
  67  6:16  Terran Infantry Weapons Level 1, Terran Infantry Armor Level 1  
  67  6:17  Barracks  
  72  6:19  Marine, SCV x2  
  72  6:21  Supply Depot  
  72  6:22  Supply Depot  
  72  6:23  Supply Depot, SCV  
  76  6:26  Marine x2  
  76  6:27  Widow Mine x2, Marine  
  76  6:31  SCV x2  
  85  6:37  SCV  
  86  6:43  SCV  
  86  6:45  Marine  
  86  6:46  Marauder  
  90  6:50  SCV x2  
  90  6:52  Refinery  
  90  6:53  Refinery  
  92  6:54  Factory  
  92  6:56  Widow Mine  
  92  6:57  Medivac  
  92  6:58  Medivac  
  98  7:04  Barracks Tech Lab  
  98  7:05  Barracks Reactor  
  98  7:06  Marine x2  
  98  7:07  Marine, Combat Shields  
  101  7:10  SCV  
  102  7:18  SCV  
  103  7:26  SCV  
  104  7:31  Marine x2  
  104  7:32  Widow Mine x2, Marauder  
  104  7:33  Marine, Medivac x2  
  117  7:39  Supply Depot  
  117  7:41  Marauder  
  117  7:46  SCV  
  117  7:47  SCV  
  112  7:55  Marine x5  
  112  7:57  Factory Tech Lab  
  117  8:00  Marine x2, Missile Turret x2  
  117  8:01  Marine  
  117  8:05  Missile Turret  
  120  8:08  Barracks x2, SCV  
  120  8:11  Barracks  
  121  8:13  Marine  
  121  8:14  Concussive Shells, Missile Turret, Medivac  
  121  8:16  Supply Depot  
  124  8:20  Widow Mine  
  124  8:21  Medivac  
  125  8:27  Widow Mine  
  125  8:28  Marauder x2, Marine x2, SCV  
  125  8:29  Armory  
  134  8:40  Marine x4  
  134  8:41  Widow Mine  
  138  8:45  Marine  
  138  8:46  Marine  
  138  8:48  Supply Depot  
  142  8:49  Supply Depot x2, Marine x2  
  144  8:56  Marine x2  
  144  8:57  Marine  
  151  9:22  Supply Depot x2  
Show
View Real Time Build Order
Export as new Build Order

TheZergLord Zerg 

Build Orders: Hatch First, Muta Ling Bane 

Get SALT Encoding   

  12  0:00  Drone  
  13  0:13  Overlord  
  13  0:18  Drone  
  14  0:32  Drone x2  
  16  0:36  Drone  
  17  0:55  Hatchery  
  17  0:57  Drone  
  17  1:10  Spawning Pool  
  16  1:13  Drone  
  16  1:15  Extractor  
  16  1:18  Drone  
  16  1:21  Drone  
  18  1:28  Drone  
  19  1:40  Overlord  
  19  1:57  Queen  
  19  1:58  Zergling x2  
  22  2:01  Zergling x2  
  22  2:06  Queen  
  22  2:07  Zergling x2  
  26  2:12  Drone  
  27  2:16  Metabolic Boost  
  27  2:18  Drone  
  28  2:23  Drone  
  29  2:32  Drone  
  29  2:47  Drone x2  
  29  2:50  Hatchery  
  30  2:54  Queen  
  30  2:56  Overlord  
  31  3:25  Drone x3  
  31  3:26  Overlord  
  31  3:27  Drone x7  
  41  3:35  Drone  
  43  3:41  Drone  
  43  3:48  Overlord  
  43  3:49  Drone x3  
  43  3:51  Drone  
  43  3:54  Queen  
  43  3:55  Queen  
  51  3:58  Overlord  
  51  4:01  Drone  
  52  4:06  Spine Crawler  
  52  4:07  Overlord  
  51  4:11  Queen  
  51  4:16  Overlord  
  53  4:20  Zergling x4  
  53  4:23  Zergling x4  
  53  4:24  Zergling x2  
  58  4:25  Zergling x2  
  59  4:42  Spore Crawler  
  59  4:45  Drone x2  
  59  4:56  Drone  
  59  4:57  Drone x9  
  59  4:59  Lair  
  69  5:06  Baneling Nest, Drone  
  69  5:07  Evolution Chamber, Drone  
  69  5:13  Drone x4  
  73  5:23  Hatchery  
  73  5:25  Drone  
  73  5:26  Drone x5  
  78  5:29  Extractor  
  78  5:31  Extractor  
  78  5:34  Zerg Ground Armor Level 1, Extractor  
  78  5:35  Extractor  
  74  5:36  Extractor  
  74  5:41  Drone x2  
  74  5:42  Drone x6  
  78  5:54  Queen  
  75  6:19  Drone  
  75  6:21  Drone x4  
  75  6:22  Drone  
  75  6:24  Overlord x3  
  81  6:27  Overlord  
  81  6:28  Overlord, Spire  
  80  6:43  Queen  
  80  6:44  Centrifical Hooks  
  80  6:45  Zergling x2  
  80  6:46  Zergling x22  
  94  7:04  Drone  
  94  7:05  Drone  
  94  7:06  Evolution Chamber, Drone x2  
  94  7:07  Zergling x8  
  94  7:08  Zergling x6  
  104  7:21  Drone  
  105  7:24  Baneling  
  105  7:31  Baneling x5  
  103  7:46  Hatchery  
  88  7:51  Mutalisk  
  88  7:52  Mutalisk x6  
  88  7:57  Mutalisk  
  104  7:59  Zergling x12  
  104  8:00  Zergling x18  
  119  8:08  Queen  
  113  8:33  Drone x4  
  113  8:34  Drone x2  
  119  8:36  Overlord x4  
  119  8:37  Pneumatized Carapace  
  119  8:44  Overlord x2  
  119  8:54  Infestation Pit  
  118  9:00  Mutalisk  
  118  9:01  Mutalisk x5  
  128  9:08  Extractor  
  124  9:13  Extractor  
  123  9:24  Hatchery  
Tags
 
Add a new tag
Caveats
  • Supply blocks, unpowered buildings, or Contaminate may cause inaccurate times.
  • Supply counts are checked every 10 seconds.